General information
- name: BNet
- type: Ladder team game (AT/RT)
- host: Battle.net
- saver: badluck
map: Mur'gulOasis
- players: 8
- length: 27:14
- speed: Fast
- version: 1.27 W3XP
- replay type: Public
» download(174 KB)
Players
team 1 (winner)

»
hair (
blue | 0 APM | 0 actions | 00:12)
NANANANANAHNAH (
purple | 60 APM | 1643 actions | 27:14)
6 Blademaster
3 Wind Walk
2 Critical Strike
1 Bladestorm
1 Tauren Chieftain
1 Endurance Aura
» actions
| Assign group hotkey | 20 | |
| Basic commands | 8 | |
| Build / train | 82 | |
| Enter build submenu | 87 | |
| Enter hero's abilities submenu | 7 | |
| Give item / drop item | 7 | |
| Remove unit from queue | 1 | |
| Right click | 717 | |
| Select / deselect | 432 | |
| Select group hotkey | 119 | |
| Use ability | 163 | |
1643 total
» units
| Peon | 20 | |
| Grunt | 6 | |
| Acolyte | 6 | |
| Troll Batrider | 10 | |
42 total
» upgrades
| Reinforced Defenses | 1 | |
| Armor | 1 | |
| Troll Regeneration | 1 | |
3 total
» buildings
| Orc Burrow | 4 | |
| Altar of Storms | 1 | |
| Barracks | 1 | |
| Voodoo Lounge | 1 | |
| War Mill | 2 | |
| Watch Tower | 59 | |
| Stronghold | 1 | |
| Fortress | 2 | |
| Spirit Tower | 13 | |
| Ziggurat | 14 | |
| Beastiary | 2 | |
| Great Hall | 2 | |
| Black Citadel | 1 | |
103 total
» build order
00:12 Orc Burrow
01:05 Altar of Storms
01:15 Barracks
01:24 Orc Burrow
02:05 Voodoo Lounge
02:45 War Mill
02:56 Orc Burrow
04:42 Watch Tower
04:43 Watch Tower
04:46 Watch Tower
05:03 Watch Tower
05:06 Watch Tower
05:43 Stronghold
05:46 Watch Tower
05:47 Watch Tower
06:10 Watch Tower
06:12 Watch Tower
06:14 Watch Tower
08:20 Fortress
09:12 Spirit Tower
09:15 Ziggurat
09:17 Ziggurat
09:18 Ziggurat
10:07 Ziggurat
10:07 Ziggurat
10:08 Ziggurat
10:08 Ziggurat
10:13 Watch Tower
10:14 Watch Tower
10:14 Watch Tower
10:14 Watch Tower
10:15 Watch Tower
10:16 Watch Tower
10:16 Watch Tower
10:35 Watch Tower
10:35 Watch Tower
10:35 Watch Tower
10:35 Watch Tower
10:37 Watch Tower
10:50 Watch Tower
10:50 Watch Tower
10:50 Watch Tower
10:50 Watch Tower
10:51 Watch Tower
10:53 Watch Tower
11:07 Spirit Tower
11:08 Spirit Tower
11:08 Spirit Tower
11:09 Spirit Tower
11:09 Spirit Tower
11:10 Spirit Tower
11:11 Spirit Tower
11:11 Spirit Tower
11:25 Watch Tower
11:26 Watch Tower
12:42 Fortress
13:04 Watch Tower
13:04 Watch Tower
13:04 Watch Tower
13:10 Watch Tower
13:10 Watch Tower
13:10 Watch Tower
13:11 Watch Tower
13:11 Watch Tower
13:11 Watch Tower
13:12 Watch Tower
13:13 Watch Tower
13:36 Beastiary
13:39 Orc Burrow
13:42 War Mill
13:51 Beastiary
15:21 Ziggurat
15:21 Ziggurat
15:22 Ziggurat
15:24 Ziggurat
15:25 Ziggurat
15:25 Ziggurat
15:26 Ziggurat
15:41 Watch Tower
15:42 Watch Tower
15:42 Watch Tower
15:43 Watch Tower
15:45 Watch Tower
16:28 Spirit Tower
17:49 Watch Tower
17:49 Watch Tower
18:17 Watch Tower
22:45 Great Hall
22:47 Watch Tower
22:47 Watch Tower
22:48 Watch Tower
22:48 Watch Tower
22:50 Watch Tower
22:53 Watch Tower
24:37 Great Hall
24:40 Watch Tower
24:40 Watch Tower
24:40 Watch Tower
24:41 Watch Tower
25:12 Spirit Tower
25:49 Black Citadel
» items
| Healing Salve | 3 | |
| Potion of Mana | 2 | |
| Potion of Healing | 1 | |
| Scroll of Town Portal | 1 | |
| Lesser Clarity Potion | 1 | |
| Orb of Lightning | 1 | |
9 total

»
GIOAF (
orange | 80 APM | 677 actions | 08:26)
1 Far Seer
1 Feral Spirit
1 Death Knight
1 Death Coil
» actions
| Assign group hotkey | 23 | |
| Basic commands | 35 | |
| Build / train | 44 | |
| Enter build submenu | 23 | |
| Enter hero's abilities submenu | 2 | |
| Right click | 172 | |
| Select / deselect | 174 | |
| Select group hotkey | 175 | |
| Use ability | 29 | |
677 total
» units
| Acolyte | 2 | |
| Peon | 8 | |
| Ghoul | 3 | |
| Grunt | 6 | |
| Crypt Fiend | 7 | |
26 total
» upgrades
| Armor | 1 | |
| Berserker Strength | 1 | |
| Pillage | 1 | |
| Creature Attack | 1 | |
| Creature Carapace | 1 | |
5 total
» buildings
| Altar of Storms | 1 | |
| Orc Burrow | 3 | |
| Crypt | 1 | |
| Altar of Darkness | 1 | |
| Ziggurat | 4 | |
| Graveyard | 1 | |
| Barracks | 2 | |
| Tomb of Relics | 1 | |
| War Mill | 1 | |
| Voodoo Lounge | 1 | |
| Nerubian Tower | 1 | |
| Watch Tower | 2 | |
| Stronghold | 4 | |
| Spirit Tower | 1 | |
| Halls of the Dead | 1 | |
25 total
» build order
00:26 Altar of Storms
00:28 Orc Burrow
00:47 Crypt
00:50 Altar of Darkness
00:52 Ziggurat
01:21 Graveyard
01:25 Barracks
01:54 Tomb of Relics
02:19 War Mill
02:24 Voodoo Lounge
02:32 Orc Burrow
02:58 Ziggurat
02:59 Nerubian Tower
03:39 Orc Burrow
03:43 Watch Tower
03:49 Watch Tower
04:03 Ziggurat
04:20 Stronghold
04:20 Stronghold
04:21 Stronghold
04:21 Stronghold
06:29 Spirit Tower
06:30 Ziggurat
06:37 Barracks
06:55 Halls of the Dead
» items
| Rod of Necromancy | 1 | |
| Lesser Clarity Potion | 1 | |
2 total

»
lumberfactory12 (
yellow | 19 APM | 163 actions | 08:30)
2 Tauren Chieftain
1 War Stomp
1 Endurance Aura
» actions
| Basic commands | 32 | |
| Build / train | 24 | |
| ESC pressed | 3 | |
| Enter build submenu | 14 | |
| Enter hero's abilities submenu | 2 | |
| Remove unit from queue | 1 | |
| Right click | 2 | |
| Select / deselect | 68 | |
| Use ability | 17 | |
163 total
» units
| Peon | 8 | |
| Grunt | 7 | |
| Troll Headhunter/Berserker | 2 | |
17 total
» upgrades
» buildings
| Orc Burrow | 4 | |
| Altar of Storms | 1 | |
| Barracks | 1 | |
| War Mill | 1 | |
| Watch Tower | 4 | |
| Stronghold | 1 | |
12 total
» build order
01:21 Orc Burrow
01:36 Altar of Storms
01:51 Barracks
02:39 Orc Burrow
02:45 War Mill
03:43 Orc Burrow
04:48 Watch Tower
04:50 Watch Tower
05:43 Stronghold
06:01 Watch Tower
07:12 Orc Burrow
08:24 Watch Tower
team 2 (loser)
LaO (
green | 103 APM | 2432 actions | 23:36)
4 Death Knight
2 Death Coil
2 Unholy Aura
2 Lich
1 Frost Nova
1 Dark Ritual
1 Dark Ranger
1 Silence
» actions
| Assign group hotkey | 50 | |
| Basic commands | 122 | |
| Build / train | 51 | |
| ESC pressed | 7 | |
| Enter build submenu | 14 | |
| Enter hero's abilities submenu | 7 | |
| Give item / drop item | 8 | |
| Right click | 725 | |
| Select / deselect | 357 | |
| Select group hotkey | 994 | |
| Use ability | 97 | |
2432 total
» units
| Acolyte | 3 | |
| Ghoul | 2 | |
| Crypt Fiend | 9 | |
14 total
» upgrades
| Burrow | 1 | |
| Backpack | 1 | |
| Web | 1 | |
| Freezing Breath | 1 | |
4 total
» buildings
| Graveyard | 1 | |
| Crypt | 1 | |
| Altar of Darkness | 1 | |
| Ziggurat | 5 | |
| Tomb of Relics | 1 | |
| Halls of the Dead | 2 | |
| Nerubian Tower | 1 | |
| Black Citadel | 1 | |
| Sacrificial Pit | 1 | |
| Boneyard | 2 | |
16 total
» build order
00:06 Graveyard
00:27 Crypt
00:43 Altar of Darkness
00:58 Ziggurat
01:25 Tomb of Relics
02:07 Ziggurat
03:31 Halls of the Dead
03:31 Halls of the Dead
04:19 Ziggurat
05:20 Nerubian Tower
06:34 Black Citadel
09:02 Sacrificial Pit
09:11 Ziggurat
10:04 Boneyard
10:11 Boneyard
11:28 Ziggurat
» items
| Rod of Necromancy | 2 | |
| Potion of Healing | 4 | |
| Boots of Speed | 1 | |
| Potion of Lesser Invulnerability | 2 | |
| Orb of Corruption | 1 | |
| Scroll of Healing | 1 | |
| Healing Salve | 2 | |
| Lesser Clarity Potion | 1 | |
| Dust of Appearance | 1 | |
15 total

»
FucykouFuker (
pink | 72 APM | 1910 actions | 26:33)
3 Lich
2 Frost Nova
1 Dark Ritual
3 Death Knight
2 Death Coil
1 Unholy Aura
» actions
| Assign group hotkey | 52 | |
| Basic commands | 75 | |
| Build / train | 56 | |
| Enter build submenu | 15 | |
| Enter hero's abilities submenu | 6 | |
| Right click | 697 | |
| Select / deselect | 311 | |
| Select group hotkey | 621 | |
| Use ability | 77 | |
1910 total
» units
| Acolyte | 3 | |
| Ghoul | 10 | |
| Crypt Fiend | 3 | |
| Obsidian Statue | 1 | |
| Frost Wyrm | 11 | |
| Wind Rider | 3 | |
| Grunt | 3 | |
34 total
» upgrades
| Destroyer Form | 1 | |
| Web | 1 | |
| Ghoul Frenzy | 1 | |
| Freezing Breath | 1 | |
4 total
» buildings
| Crypt | 1 | |
| Ziggurat | 6 | |
| Altar of Darkness | 1 | |
| Graveyard | 1 | |
| Nerubian Tower | 1 | |
| Tomb of Relics | 1 | |
| Halls of the Dead | 1 | |
| Spirit Tower | 1 | |
| Sacrificial Pit | 1 | |
| Slaughterhouse | 1 | |
| Black Citadel | 1 | |
| Boneyard | 2 | |
18 total
» build order
00:17 Crypt
00:20 Ziggurat
00:40 Altar of Darkness
01:12 Ziggurat
01:19 Graveyard
01:59 Nerubian Tower
02:26 Ziggurat
02:29 Tomb of Relics
03:22 Halls of the Dead
03:39 Spirit Tower
06:04 Sacrificial Pit
06:51 Slaughterhouse
06:53 Black Citadel
07:37 Ziggurat
09:15 Boneyard
09:17 Boneyard
10:14 Ziggurat
23:53 Ziggurat
» items
| Rod of Necromancy | 2 | |
| Orb of Corruption | 1 | |
| Scroll of Town Portal | 1 | |
| Potion of Lesser Invulnerability | 1 | |
| Potion of Healing | 1 | |
6 total
badluck (
teal | 117 APM | 3183 actions | 27:14)
4 Blademaster
2 Wind Walk
2 Critical Strike
» actions
| Assign group hotkey | 84 | |
| Basic commands | 296 | |
| Build / train | 110 | |
| ESC pressed | 14 | |
| Enter build submenu | 18 | |
| Enter hero's abilities submenu | 4 | |
| Give item / drop item | 4 | |
| Right click | 1095 | |
| Select / deselect | 533 | |
| Select group hotkey | 885 | |
| Use ability | 140 | |
3183 total
» units
| Peon | 11 | |
| Grunt | 12 | |
| Troll Headhunter/Berserker | 27 | |
| Raider | 3 | |
| Shaman | 4 | |
| Kodo Beast | 2 | |
| Troll Witch Doctor | 1 | |
| Wind Rider | 2 | |
62 total
» upgrades
| Ranged Weapons | 3 | |
| Berserker Strength | 1 | |
| Pillage | 1 | |
| Armor | 3 | |
| Shaman Training | 2 | |
| Berserker Upgrade | 1 | |
| Troll Regeneration | 1 | |
| Reinforced Defenses | 1 | |
| War Drums Damage Increase | 1 | |
| Witch Doctor Training | 1 | |
15 total
» buildings
| Orc Burrow | 6 | |
| Altar of Storms | 1 | |
| Barracks | 1 | |
| Voodoo Lounge | 2 | |
| War Mill | 1 | |
| Stronghold | 3 | |
| Watch Tower | 4 | |
| Fortress | 4 | |
| Spirit Lodge | 1 | |
| Beastiary | 1 | |
24 total
» build order
00:13 Orc Burrow
00:23 Orc Burrow
01:29 Altar of Storms
01:32 Barracks
02:11 Orc Burrow
02:19 Voodoo Lounge
02:21 Voodoo Lounge
03:24 War Mill
04:20 Stronghold
04:20 Stronghold
07:09 Orc Burrow
07:41 Watch Tower
08:01 Fortress
08:02 Fortress
08:02 Fortress
08:04 Watch Tower
08:16 Watch Tower
08:40 Spirit Lodge
09:30 Watch Tower
10:07 Beastiary
12:08 Orc Burrow
12:14 Orc Burrow
» items
| Healing Salve | 5 | |
| Boots of Speed | 3 | |
| Orb of Corruption | 1 | |
| Scroll of Town Portal | 2 | |
| Staff of Teleportation | 1 | |
| Potion of Lesser Invulnerability | 1 | |
| Lesser Clarity Potion | 1 | |
14 total
lllllllllllllll (
red | 99 APM | 2119 actions | 21:18)
4 Blademaster
2 Wind Walk
2 Critical Strike
3 Shadow Hunter
2 Healing Wave
1 Hex
» actions
| Assign group hotkey | 91 | |
| Basic commands | 115 | |
| Build / train | 72 | |
| Enter build submenu | 42 | |
| Enter hero's abilities submenu | 7 | |
| Give item / drop item | 3 | |
| Right click | 1051 | |
| Select / deselect | 277 | |
| Select group hotkey | 412 | |
| Use ability | 49 | |
2119 total
» units
» upgrades
| Berserker Strength | 1 | |
| Ensnare | 1 | |
2 total
» buildings
| Altar of Storms | 1 | |
| Orc Burrow | 5 | |
| Barracks | 1 | |
| Voodoo Lounge | 1 | |
| Stronghold | 4 | |
| Beastiary | 2 | |
| Fortress | 4 | |
18 total
» build order
00:04 Altar of Storms
00:28 Orc Burrow
00:47 Barracks
01:32 Orc Burrow
02:05 Voodoo Lounge
03:30 Stronghold
03:30 Stronghold
03:31 Stronghold
03:56 Orc Burrow
06:39 Orc Burrow
06:53 Beastiary
06:54 Beastiary
10:59 Orc Burrow
11:59 Fortress
12:00 Fortress
12:00 Fortress
» items
| Healing Salve | 6 | |
| Boots of Speed | 1 | |
| Circlet of Nobility | 1 | |
| Potion of Lesser Invulnerability | 3 | |
| Scroll of Town Portal | 1 | |
| Orb of Lightning | 1 | |
13 total
Chat log
(00:04 / All) hair: reds a map ahcker
(00:09 / All) hair: enjoy your win fucker
(00:20 / Allies) lllllllllllllll: me? lol
(00:22 / Allies) LaO: 100 g anyone?
(00:29 / All) badluck: a lot of people have barcode names
(00:30 / All) badluck: idiot
(00:31 / Allies) LaO: can pay back
(01:49 / Allies) LaO: fiends to wyrms
(01:50 / All) FucykouFuker: guess how much moeny i made this month
(01:51 / Allies) LaO: unitS?
(01:56 / All) NANANANANAHNAH: 25 dollars
(02:01 / All) FucykouFuker: close actually
(02:02 / All) FucykouFuker: Lol
(02:06 / All) FucykouFuker: its less
(02:08 / All) FucykouFuker: ; [
(02:12 / All) NANANANANAHNAH: 20 bux
(02:14 / All) lumberfactory12: doin what
(02:14 / All) FucykouFuker: less
(02:19 / All) FucykouFuker: 9 dollars
(02:20 / All) FucykouFuker: bro
(05:01 / All) FucykouFuker: GOT U CUNT
(05:11 / Allies) LaO: red
(05:19 / Allies) lllllllllllllll: yes
(05:49 / Allies) FucykouFuker: i just killed
(05:51 / Allies) FucykouFuker: every blue unit
(05:53 / Allies) FucykouFuker: and his hero
(05:54 / Allies) FucykouFuker: lul
(06:31 / Allies) LaO: creep then hit
(06:43 / All) FucykouFuker: i tabbed out
(06:45 / All) FucykouFuker: wot happen lol
(08:12 / Allies) LaO: tc
(08:42 / All) LaO: lol
(08:42 / All) LaO: gg
(08:45 / All) FucykouFuker: gg
(10:07 / Allies) LaO: wood anyone?
(10:17 / Allies) LaO: ty
(10:20 / Allies) FucykouFuker: no thx im str8
(12:18 / All) NANANANANAHNAH: 10000% hack
(12:21 / All) LaO: lmao
(12:23 / All) LaO: gtfo
(12:27 / All) lllllllllllllll: you're a goddamn idiot lmfaoooooooooo
(12:35 / All) lllllllllllllll: look at my fucking record
(13:20 / All) lllllllllllllll: leave the game pussy
(13:21 / All) NANANANANAHNAH: yeah I'm gonna type out your barcode name retard lmao
(13:29 / All) lllllllllllllll: ?
(13:48 / All) FucykouFuker: u are really good at making towers
(13:54 / All) FucykouFuker: killed my whole army
(13:55 / All) lllllllllllllll: 5 wins 10 losses
(13:59 / All) lllllllllllllll: ill go ahead and tell u
(14:14 / All) lllllllllllllll: bye
(15:48 / Allies) FucykouFuker: why is green gettin backstabbed
(15:49 / Allies) FucykouFuker: lol
(15:57 / All) LaO: bc teal's a cunt
(16:06 / All) LaO: no word
(16:13 / All) LaO: just noob
(17:00 / All) LaO: gl gl
(17:01 / Allies) FucykouFuker: red lets kill him
(17:05 / Allies) lllllllllllllll: kk
(17:28 / Allies) lllllllllllllll: fuck outta here bitch
(17:36 / Allies) LaO: lol
(18:07 / Allies) LaO: hit
(18:08 / Allies) LaO: treal
(18:31 / Allies) lllllllllllllll: fuck outta here badluck
(18:37 / Allies) lllllllllllllll: fuckin bitch
(18:54 / Allies) lllllllllllllll: fuck outta my game
(19:18 / Allies) lllllllllllllll: badluck 1v1 me
(19:24 / Allies) LaO: srslly
(19:25 / Allies) LaO: what a cunt
(19:26 / Allies) badluck: gonna beat you 1v3
(19:32 / Allies) lllllllllllllll: you
(19:37 / Allies) lllllllllllllll: okay please
(19:39 / Allies) lllllllllllllll: invite me after game
(19:55 / Allies) lllllllllllllll: please
(19:56 / Allies) lllllllllllllll: actually
(19:59 / Allies) lllllllllllllll: invite one of your friends
(20:02 / Allies) lllllllllllllll: and 1v2 me
(20:10 / Allies) badluck: btw I don't 1v1 mhers
(20:19 / Allies) lllllllllllllll: im legit not a fucking maphacker lmfaooooooooo
(20:23 / Allies) lllllllllllllll: youre so god damn dumb
(20:28 / Allies) lllllllllllllll: look up my main
(20:31 / Allies) lllllllllllllll: SLeePz
(20:41 / Allies) lllllllllllllll: look at that record and tell me if i mh and not
(20:43 / Allies) lllllllllllllll: fuckin idiot
(21:03 / Allies) lllllllllllllll: thats what i thought bitch
(21:05 / Allies) badluck: too hard to stats you
(21:06 / Allies) lllllllllllllll: ill be waiting on your invite
(21:07 / Allies) badluck: ur name
(21:12 / Allies) lllllllllllllll: SLeePz
(21:14 / Allies) lllllllllllllll: invite me
(21:36 / All) NANANANANAHNAH: do you get my messages?
(22:54 / Allies) LaO: up to you pink
(22:57 / Allies) LaO: teal's a fag
(23:04 / Allies) badluck: leave
(23:08 / Allies) LaO: he killed all my acos and main just as i hit tier 3
(24:23 / Allies) badluck: out
(25:18 / Allies) badluck: keep chasing pussy lol
(26:31 / Allies) badluck: out
(26:38 / All) badluck: wow we did it
(26:38 / All) NANANANANAHNAH: lmao
(26:45 / All) NANANANANAHNAH: definitely
(26:49 / All) NANANANANAHNAH: orange has 5k full base
(26:52 / All) NANANANANAHNAH: I got 2 expos now
(26:59 / All) badluck: my team lose imo
(27:02 / All) NANANANANAHNAH: no way they could win even if they killed you
(27:06 / All) NANANANANAHNAH: yeah
(27:09 / All) NANANANANAHNAH: think they're hackers too